 Dungeon Crawl Stone Soup version 0.29-a0-330-g52719c12eb (webtiles) character file.

Game seed: 12382177642585196200

809 kae the Firebug (level 7, -1/56 HPs)
             Began as a Demigod Fire Elementalist on May 30, 2022.
             Slain by a gnoll
             ... wielding a +0 flail
              (2 damage)
             ... on level 6 of the Dungeon.
             The game lasted 00:03:51 (4761 turns).

kae the Firebug (Demigod Fire Elementalist)         Turns: 4761, Time: 00:03:51

Health: -1/56      AC:  7    Str:  9    XL:     7   Next: 34%
Magic:  14/15      EV: 16    Int: 31    God:
Gold:   1432       SH:  0    Dex: 14    Spells: 6/12 levels left

rFire   . . .      SeeInvis +   f - staff of conjuration
rCold   . . .      Faith    .   (no shield)
rNeg    . . .      Spirit   .   k - +2 robe {Will+}
rPois   .          Reflect  .   e - +2 helmet {SInv}
rElec   .          Harm     .   (no cloak)
rCorr   .          Rampage  .   (no gloves)
Will    +....                   (no boots)
Stlth   ++........              (no amulet)
HPRegen 0.18/turn               g - ring "Qypaofox" {EV+4 Int+6}
MPRegen 0.14/turn               c - +4 ring of slaying

@: brilliant
A: high MP 1, forlorn, divine attributes, mutation resistance 1
a: no special abilities


You were on level 6 of the Dungeon.
You visited 1 branch of the dungeon, and saw 6 of its levels.

You collected 1432 gold pieces.

Inventory:

Missiles
 h - a throwing net
Armour
 a - a +0 robe
 e - a +2 helmet of see invisible (worn)
 k - a +2 robe of willpower (worn)
Magical Staves
 f - a staff of conjuration (weapon)
Jewellery
 c - a +4 ring of slaying (right hand)
 g - the ring "Qypaofox" (left hand) {EV+4 Int+6}
   (You found it on level 3 of the Dungeon)

   [ring of evasion]

   EV:        It affects your evasion (+4).
   Int:       It affects your intelligence (+6).
Wands
 l - a wand of iceblast (7)
 n - a wand of acid (8)
Scrolls
 d - 4 scrolls of identify
 m - a scroll of enchant weapon
Potions
 b - 2 potions of magic
 o - a potion of degeneration


   Skills:
 + Level 2.9 Fighting
 - Level 1.7 Dodging
 - Level 1.7 Stealth
 + Level 3.3 Spellcasting
 * Level 4.5 Conjurations
 * Level 5.2 Fire Magic


You had 6 spell levels left.
You knew the following spells:

 Your Spells              Type           Power      Damage    Failure   Level
a - Foxfire               Conj/Fire      100%       2x1d9     1%          1
b - Scorch                Fire           100%       2d10      1%          2
c - Conjure Flame         Conj/Fire      68%        6-21      2%          3

Your spell library contained the following spells:

 Spells                   Type           Power      Damage    Failure   Level
 Inner Flame              Hex/Fire       32%        N/A       7%          3
 Flame Wave               Conj/Fire      68%        2d13      9%          4
 Ignite Poison            Fire/Tmut/Pois 23%        N/A       10%         3
 Mephitic Cloud           Conj/Pois/Air  32%        N/A       11%         3
 Freezing Cloud           Conj/Ice/Air   16%        6-21      67%         5


Dungeon Overview and Level Annotations

Branches:
Dungeon (5/15)
 Temple: D:4-7

Annotations:
D:2 Terence


Innate Abilities, Weirdness & Mutations

You have an increased reservoir of magic. (+10% MP)
You shall have no god before yourself.
Your divine heritage dramatically boosts your attributes as you level up.
You are somewhat resistant to further mutation.


Message History

Casting: Foxfire (safe; 1% risk of failure)
Confirm with . or Enter, or press ? or * to list all spells.
You feel a strong surge of power!
You conjure some foxfire!
The orc shouts!
You hear a shout!
The gnoll misses you. The gnoll shaman misses you.
The foxfire hits the gnoll shaman but does no damage.
The gnoll shaman is moderately wounded.
The foxfire hits the orc warrior.
The orc warrior is lightly wounded.
The gnoll hits you with a +0 flail!
The gnoll shaman hits you with a +0 whip.
Magic courses through your body. The gnoll hits you but does no damage.
The gnoll shaman hits you with a +0 whip.
The orc priest barely misses you.
An orc comes into view. It is wielding a +0 whip.
The orc warrior completely misses you.
Okay, then.
Casting: Foxfire (safe; 1% risk of failure)
Confirm with . or Enter, or press ? or * to list all spells.
You feel a surge of power!
Flames lash the gnoll.
You kill the gnoll!
The orc shouts!
The gnoll shaman misses you. The gnoll barely misses you.
The orc priest looks braver for a moment.
The orc warrior hits you with a +0 war axe.
The gnoll barely misses you. The gnoll shaman misses you.
The orc priest misses you.
The orc warrior hits you with a +0 war axe!
* * * LOW HITPOINT WARNING * * *
Casting: Scorch (safe; 1% risk of failure)
Confirm with . or Enter, or press ? or * to list all spells.
You feel a surge of power!
Flames lash the orc priest.
You kill the orc priest!
The gnoll shaman calls upon its god to speed up the gnoll.
The gnoll seems to speed up.
The gnoll hits you with a +0 flail!
* * * LOW HITPOINT WARNING * * *
The orc warrior hits you with a +0 war axe.
* * * LOW HITPOINT WARNING * * *
The gnoll hits you with a +0 flail.
You die...

. #+ #### .# #
##.##..##.##..#
+..............
#..............
##.....##......
#(....########
#....o##g....#
##....o.gg@...##
#..[...g#oo....#
#.......#......#
##.....##.....##
##############


You could see an orc warrior, a gnoll shaman, an orc wizard, 3 gnolls and 2
orcs.

Vanquished Creatures
  Menkaure (D:4)
  A phantom (D:4)
  2 bullfrogs
  A necrophage (D:4)
  A scorpion (D:5)
  3 orc priests
  A hound (D:3)
  Jessica (D:2)
  An iguana (D:4)
  2 orc wizards
  2 gnolls (D:6)
  3 adders
  8 worms
  2 dart slugs (D:2)
  16 orcs
  5 endoplasms
  A giant cockroach (D:4)
  4 goblins
  7 hobgoblins
  7 ball pythons
  3 bats
  A frilled lizard (D:1)
  6 kobolds
  4 rats (D:3)
83 creatures vanquished.

Vanquished Creatures (others)
  318 foxfires
318 creatures vanquished.

Grand Total: 401 creatures vanquished

Notes
Turn   | Place    | Note
-------+----------+-------------------------------------------
     0 | D:1      | kae the Demigod Fire Elementalist began the quest for the
                  | Orb.
     0 | D:1      | Reached XP level 1. HP: 14/14 MP: 5/5
    85 | D:1      | Identified a scroll of acquirement
    85 | D:1      | Acquired 1174 gold pieces
   195 | D:1      | Reached skill level 1 in Conjurations
   811 | D:2      | Reached XP level 2. HP: 22/22 MP: 2/7
   878 | D:2      | Learned a level 2 spell: Scorch
   937 | D:2      | Noticed Jessica
   947 | D:2      | Killed Jessica
   948 | D:2      | Reached skill level 3 in Fire Magic
   948 | D:2      | Reached XP level 3. HP: 24/27 MP: 3/8
   952 | D:2      | Learned a level 3 spell: Conjure Flame
  1336 | D:2      | Reached skill level 1 in Fighting
  1716 | D:3      | Noticed Terence
  1736 | D:2      | Gained mutation: You are somewhat resistant to further
                  | mutation. [potion of mutation]
  1815 | D:3      | Identified the ring "Qypaofox" {EV+4 Int+6}
  1919 | D:3      | Reached XP level 4. HP: 20/35 MP: 1/10
  2604 | D:3      | Reached XP level 5. HP: 40/40 MP: 8/11
  3206 | D:4      | Noticed Menkaure
  3213 | D:4      | Killed Menkaure
  3214 | D:4      | Reached skill level 4 in Fire Magic
  3214 | D:4      | Reached XP level 6. HP: 9/48 MP: 7/13
  4118 | D:4      | Identified the +1 chain mail of Happy Babbling {Harm Will+
                  | Regen+ Str-3}
  4340 | D:5      | Entered Level 5 of the Dungeon
  4352 | D:5      | Reached XP level 7. HP: 48/56 MP: 7/14
  4369 | D:5      | Reached skill level 5 in Fire Magic
  4689 | D:5      | You fall into a shaft and drop 1 floor!
  4760 | D:6      | HP: 1/56 [orc warrior/+0 war axe (5)]
  4761 | D:6      | Slain by a gnoll

Illustrated notes

Levels and vault maps discovered:
D:1:      dpeg_arrival_three_same_balls, layout_basic
D:2:      layout_loops_ring, hangedman_feature_mirror, hangedman_decor_points,
          uniq_jessica
D:3:      layout_rooms, uniq_terence
D:4:      kb_forest_paths, layout_rooms, uniq_menkaure
D:5:      layout_basic, nicolae_wormholes
D:6:      layout_gridville, mainiacjoe_overflow_small_starburst,
          minmay_temple_entry_butterflies

Skill      XL: |  1  2  3  4  5  6  7 |
---------------+----------------------+-----
Conjurations   | 1 2 3 4 |  4.5
Spellcasting   | 2 3 |  3.3
Fire Magic     | 3 4 5 |  5.2
Fighting       | 1 2 |  2.9
Dodging        | |  1.7
Stealth        | |  1.7

Action                   |  1- 3 |  4- 6 |  7- 9 || total
-------------------------+-------+-------+-------++-------
Melee: Staff             |       |     1 |       ||     1
 Cast: Foxfire           |    71 |    96 |    17 ||   184
       Scorch            |     3 |    19 |    20 ||    42
  Use: Scroll            |     6 |     6 |       ||    12
       Potion            |     5 |       |     3 ||     8
Armor: Robe              |     7 |     9 |     9 ||    25
Dodge: Dodged            |    22 |    43 |    36 ||   101

Table legend: (Time is in decaauts)
 A = Elapsed time spent in this place.
 B = Non-inter-level travel time spent in this place.
 C = Inter-level travel time spent in this place.
 D = Time resting spent in this place.
 E = Time spent auto-exploring this place.
 F = Levels seen in this place.
 G = Mean time per level.
                   A        B        C        D        E       F      G
               +--------+--------+--------+--------+--------+-----+--------+
         Total |   4764 |   4645 |    119 |    342 |   3530 |   6 |  794.0 |
       Dungeon |   4764 |   4645 |    119 |    342 |   3530 |   6 |  794.0 |
               +--------+--------+--------+--------+--------+-----+--------+

Top non-repeatable levels by time:
     D:4: 1505 daAuts
     D:3: 1183 daAuts
     D:2: 1157 daAuts
     D:1: 791 daAuts
     D:6: 71 daAuts
     D:5: 55 daAuts
